 Dungeon Crawl Stone Soup version 0.30-a0-772-g5528072125 (webtiles) character file.

Game seed: 7783247610922445528

770 demibob the Slicer (level 7, 0/50 HPs)
             Began as a Demonspawn Gladiator on Feb 13, 2023.
             Was a Follower of Kikubaaqudgha.
             Slain by Pikel
             ... wielding a +0 whip of freezing
              (6 damage)
             ... on level 5 of the Dungeon.
             The game lasted 00:08:28 (3378 turns).

demibob the Slicer (Demonspawn Gladiator)           Turns: 3378, Time: 00:08:29

Health: 0/50       AC:  6    Str: 15    XL:     7   Next: 53%
Magic:  7/7        EV: 13    Int:  9    God:    Kikubaaqudgha [*.....]
Gold:   134        SH:  0    Dex: 16    Spells: 2/6 levels left

rFire   . . .      SeeInvis .    a - +1 rapier
rCold   . . .      Faith    .    (no shield)
rNeg    . . .      Spirit   .    b - +0 leather armour
rPois   .          Reflect  .    c - +1 helmet
rElec   .          Harm     .    p - +0 cloak
rCorr   .          Rampage  .    (no gloves)
Will    .....                    (no boots)
Stlth   +                        k - amulet of regeneration
HPRegen 1.08/turn                Z - ring of wizardry
MPRegen 0.10/turn                (no ring)

@: no status effects
A: demonic guardian 1, sturdy frame 2, demonic magic 1
a: Renounce Religion, Unearth Wretches


You were on level 5 of the Dungeon.
You worshipped Kikubaaqudgha.
Kikubaaqudgha was aware of your devotion.
You visited 2 branches of the dungeon, and saw 6 of its levels.

You collected 158 gold pieces.
You spent 24 gold pieces at shops.


Innate Abilities, Weirdness & Mutations

A weak demonic guardian rushes to your aid.
Your movements are less encumbered by armour. (ER -4)
Spells you cast may paralyse adjacent enemies.


   Skills:
 - Level 2.0 Fighting
 + Level 8.2 Short Blades
 - Level 1.7 Throwing
 - Level 2.6 Dodging
 + Level 0.0 Necromancy


You had 2 spell levels left.
You knew the following spells:

 Your Spells              Type           Power      Damage    Failure   Level
a - Animate Dead          Necr           0%         N/A       82%         4

Your spell library contained the following spells:

 Spells                   Type           Power      Damage    Failure   Level
 Necrotise                Necr           0%         1d4       16%         1
 Cigotuvi's Dreadful Rot  Necr/Pois/Air  0%         N/A       24%         2
 Sublimation of Blood     Necr           0%         N/A       24%         2

Inventory:

Hand Weapons
 a - a +1 rapier (weapon)
Missiles
 d - 3 throwing nets (quivered) {=f}
 e - 3 javelins
Armour
 b - a +0 leather armour (worn)
 c - a +1 helmet (worn)
 p - a +0 cloak (worn)
Jewellery
 k - an amulet of regeneration (around neck)
 l - an amulet of magic regeneration
 M - a ring of magical power
 Z - a ring of wizardry (left hand)
Scrolls
 g - 2 scrolls of identify {@r1}
 i - a scroll of enchant armour
 j - 2 scrolls of teleportation {@r2}
 m - a scroll of acquirement {unknown}
Potions
 f - a potion of mutation
 h - 3 potions of attraction

Dungeon Overview and Level Annotations

Branches:
Dungeon (5/15)             Temple (1/1) D:4

Altars:
Ashenzari
Cheibriados
Fedhas
Gozag
Hepliaklqana
Kikubaaqudgha
Makhleb
Nemelex Xobeh
Okawaru
Qazlal
Uskayaw
Wu Jian
Xom
Yredelemnul

Shops:
D:2 :?*

Annotations:
D:5 Pikel

.......
##.......
#........
#........
##5.5.....
#5#)......
##5#.5.5...
#K5###....#
#@## #K###
##.## ##
#...##
#....##
###.....##
#........###
#...........#
#...........#
#...........#


You could see Pikel (fast, ally target), 3 lemures and a friendly quasit
(summoned).


Message History

Pikel is moderately wounded.
Pikel barely misses you.
You hit Pikel but do no damage.
Pikel is moderately wounded.
Pikel says, "You'll make a fine lemure."
Pikel barely misses you.
You hit Pikel but do no damage.
Pikel is moderately wounded.
Pikel hits you with a +0 whip of freezing!
* * * LOW HITPOINT WARNING * * *
Pikel freezes you.
* * * LOW HITPOINT WARNING * * *
A demonic guardian appears!
Okay, then.
Pikel attacks as you move away! Pikel barely misses you.
Pikel hits you with a +0 whip of freezing.
* * * LOW HITPOINT WARNING * * *
Pikel freezes you.
* * * LOW HITPOINT WARNING * * *
Your quasit bites Pikel but does no damage.
Your quasit completely misses Pikel.
Your quasit claws Pikel but does no damage.
Your quasit completely misses Pikel.
Your quasit claws Pikel but does no damage.
Your quasit closely misses Pikel.
Pikel hits you but does no damage.
Okay, then.
Pikel attacks as you move away!
Pikel hits you with a +0 whip of freezing.
You die...
Kikubaaqudgha rasps: "You have failed me!
Welcome... death!"

Skill      XL: |  1  2  3  4  5  6  7 |
---------------+----------------------+-----
Short Blades   | 3 4 5 6 7 8 |  8.2
Fighting       | |  2.0
Throwing       | |  1.7
Dodging        | |  2.6

Action                     |  1- 3 |  4- 6 |  7- 9 || total
---------------------------+-------+-------+-------++-------
  Melee: Rapier            |   134 |   181 |    95 ||   410
         Punch             |       |     1 |     3 ||     4
    Use: Scroll            |     8 |     6 |       ||    14
         Potion            |       |     5 |     3 ||     8
   Stab: Sleeping          |     3 |       |       ||     3
         Invisible         |       |       |     5 ||     5
 Armour: Leather armour    |    45 |    45 |    26 ||   116
  Dodge: Dodged            |    86 |   101 |    56 ||   243

Levels and vault maps discovered:
D:1:      lemuel_arrival_broad_hall, layout_basic, serial_corexii_hall,
          corexii_hall_statues_u, corexii_hall_statues_i,
          dreamdust_ecumenical_altar_hidden_monk_grotto, minivault_26
D:2:      layout_basic, basic_altar, serial_shops, nicolae_shop_trees,
          nicolae_shop_hallway_stairs, nicolae_shop_crystal
D:3:      layout_basic, lemuel_tele_altar, serial_glass, glass_columns_a,
          glass_columns_b, palyth_stone_intersect, uniq_robin, uniq_natasha
D:4:      layout_basic, nicolae_qazlal_style_of_elements,
          minmay_temple_entry_mini_moons, uniq_duvessa
D:5:      layout_cave_pods, elyvilon_altar_4, minmay_misc_feat_x, uniq_pikel
Temple:   nicolae_temple_elliptical

Notes
Turn   | Place    | Note
-------+----------+-------------------------------------------
     0 | D:1      | demibob the Demonspawn Gladiator began the quest for the
                  | Orb.
     0 | D:1      | Reached XP level 1. HP: 16/16 MP: 1/1
   223 | D:1      | Reached skill level 3 in Short Blades
   274 | D:1      | Gained mutation: A weak demonic guardian rushes to your
                  | aid. [demonic ancestry]
   274 | D:1      | Reached XP level 2. HP: 19/22 MP: 2/2
   738 | D:1      | Found a faded altar of an unknown god.
   863 | D:2      | Found Rotz's Book Shop.
   880 | D:2      | Reached XP level 3. HP: 27/27 MP: 3/3
   899 | D:2      | Found an iron altar of Okawaru.
  1043 | D:2      | Found Vipag's Magic Scroll Boutique.
  1057 | D:2      | Reached skill level 4 in Short Blades
  1060 | D:2      | Bought a scroll of identify for 24 gold pieces
  1199 | D:2      | Found Voqapuq's Assorted Antiques.
  1439 | D:3      | Noticed Robin
  1441 | D:3      | Found a hide-covered altar of Uskayaw.
  1456 | D:3      | Killed Robin
  1495 | D:3      | Gained mutation: Spells you cast may paralyse adjacent
                  | enemies. [demonic ancestry]
  1495 | D:3      | Reached XP level 4. HP: 33/33 MP: 4/4
  2058 | D:3      | Noticed Natasha
  2069 | D:3      | Killed Natasha
  2070 | D:3      | Reached skill level 5 in Short Blades
  2255 | D:3      | Noticed Natasha
  2273 | D:3      | Killed Natasha
  2274 | D:3      | Reached XP level 5. HP: 33/38 MP: 5/5
  2313 | D:4      | Found a stormy altar of Qazlal.
  2315 | D:4      | Noticed an air elemental
  2315 | D:4      | Noticed a water elemental
  2315 | D:4      | Noticed a fire elemental
  2338 | D:4      | Noticed Duvessa
  2338 | D:4      | Noticed Dowan
  2366 | D:4      | Found a staircase to the Ecumenical Temple.
  2390 | Temple   | Entered the Ecumenical Temple
  2460 | Temple   | Became a worshipper of Kikubaaqudgha
  2637 | D:4      | Reached skill level 6 in Short Blades
  2781 | D:4      | Killed Duvessa
  2782 | D:4      | Gained mutation: Your movements are slightly less
                  | encumbered by armour. (ER -2) [demonic ancestry]
  2782 | D:4      | Reached XP level 6. HP: 26/44 MP: 6/6
  2788 | D:4      | Killed Dowan
  2814 | D:4      | Identified the +5 spear of Gluttony {drain, rN+++ Will+
                  | rCorr Dex-5}
  3052 | D:5      | Entered Level 5 of the Dungeon
  3067 | D:4      | Reached skill level 7 in Short Blades
  3150 | D:5      | Gained mutation: Your movements are less encumbered by
                  | armour. (ER -4) [demonic ancestry]
  3150 | D:5      | Reached XP level 7. HP: 36/50 MP: 7/7
  3247 | D:5      | Identified a potion of resistance
  3279 | D:5      | Reached * piety under Kikubaaqudgha
  3279 | D:5      | Received a gift from Kikubaaqudgha
  3295 | D:5      | Reached skill level 8 in Short Blades
  3316 | D:5      | Learned a level 4 spell: Animate Dead
  3354 | D:5      | Noticed Pikel
  3375 | D:5      | HP: 4/50 [Pikel/+0 whip of freezing (2)]
  3378 | D:5      | Slain by Pikel

Vanquished Creatures
  Duvessa (D:4)
  4 killer bees
  Dowan (D:4)
  2 orc priests
  An iguana (D:4)
  Natasha (twice) (D:3)
  3 orc wizards (D:5)
  Robin (D:3)
  3 adders
  A worm (D:2)
  16 orcs
  A ball python (D:2)
  4 bats
  7 endoplasms
  4 giant cockroaches
  12 goblins
  10 hobgoblins
  2 jackals (D:4)
  4 quokkas
  4 frilled lizards
  3 kobolds
  7 rats
93 creatures vanquished.

Vanquished Creatures (collateral kills)
  A necrophage (D:5)
  2 adders (D:5)
  2 goblins (D:3)
5 creatures vanquished.

Grand Total: 98 creatures vanquished

Table legend: (Time is in decaauts)
 A = Elapsed time spent in this place.
 B = Non-inter-level travel time spent in this place.
 C = Inter-level travel time spent in this place.
 D = Time resting spent in this place.
 E = Time spent auto-exploring this place.
 F = Levels seen in this place.
 G = Mean time per level.
                   A        B        C        D        E       F      G
               +--------+--------+--------+--------+--------+-----+--------+
         Total |   3376 |   3208 |    168 |     80 |   2298 |   6 |  562.7 |
       Dungeon |   3283 |   3137 |    146 |     80 |   2239 |   5 |  656.6 |
        Temple |     92 |     70 |     22 |      0 |     59 |   1 |   92.0 |
               +--------+--------+--------+--------+--------+-----+--------+

Top non-repeatable levels by time:
     D:3: 925 daAuts
     D:1: 784 daAuts
     D:4: 696 daAuts
     D:2: 623 daAuts
     D:5: 253 daAuts
  Temple: 92 daAuts

Table legend:
 A = Non-vault XP
 B = Vault XP
 C = Vault XP percentage of total XP
 D = Non-vault monster count
 E = Vault monster count
 F = Vault count percentage of total count
                 A         B        C        D         E       F
            +---------+---------+-------+---------+---------+-------
      Total |     810 |     291 |  26.4 |      85 |      13 |  13.3
            +---------+---------+-------+---------+---------+-------
        D:1 |      30 |       0 |   0.0 |      18 |       0 |   0.0
        D:2 |      33 |       0 |   0.0 |      18 |       0 |   0.0
        D:3 |      90 |      68 |  43.0 |      17 |      11 |  39.3
        D:4 |     188 |     223 |  54.3 |      16 |       2 |  11.1
        D:5 |     469 |       0 |   0.0 |      16 |       0 |   0.0
            +---------+---------+-------+---------+---------+-------
